AoeStats
← NuMa | CarritoDGolf

Arabia

509548006Analyzed
4v4 RM · 4d ago on Sep 27, 2026· 21m 37s· 8 players
Game mode
Random Map
Map size
Large (8 player)
Population
200
Speed
Normal
Resources
Standard
Victory
Conquest
Starting age
Dark Age
Ending age
Imperial Age
RankedLock teamsTeams togetherTeam positionsShared explorationLock speedFull tech treeHidden civsTurbo modeCheats
Victory
Defeat
1061
+15
🇨🇿 Ethiopians · Czechia
1059
+15
🇦🇷 Cumans · Argentina
1046
+15
🇨🇳 Japanese · China
988
+18
🇨🇴 Cumans · Colombia
1043
-16
🇵🇪 Magyars · Peru
1038
-16
🇹🇼 Persians · Taiwan
1035
-16
🇺🇸 Saxons · United States
1012
-15
Formidable Bacon
8:12 Loom
10:22 Feudal Age
10:27 Man-at-Arms
20:18 Castle Age
19:52 Double-Bit Axe
19:53 Horse Collar
NuMa | CarritoDGolf
3:23 Loom
9:55 Feudal Age
10:36 Double-Bit Axe
11:26 Horse Collar
17:33 Scale Barding Armor
20:01 Forging
21:00 Bloodlines
jochizan
8:09 Loom
10:22 Feudal Age
12:11 Double-Bit Axe
16:27 Horse Collar
20:46 Castle Age
OAO
11:18 Feudal Age
9:37 Loom
11:22 Feudal Age
AOEHD
5:56 Loom
8:57 Feudal Age
9:48 Double-Bit Axe
12:36 Fletching
17:07 Horse Collar
20:53 Wheelbarrow
23:10 Castle Age
zer0ths
1:17 Loom
12:58 Feudal Age
13:43 Double-Bit Axe
14:59 Horse Collar
20:38 Forging
22:01 Bloodlines
Teror
12:09 Feudal Age
19:35 Double-Bit Axe
20:15 Horse Collar
20:35 Gold Mining
My credit card number: 465687642
11:43 Feudal Age
11:57 Man-at-Arms
19:42 Double-Bit Axe
20:39 Forging
Connection lost

Rejoining the realm…

Still unreachable

The connection could not be restored.

Session expired

The server has moved on; the page needs a fresh start.